 Dungeon Crawl Stone Soup version 0.26-a0-639-g72c4674329 (webtiles) character file.

Game seed: 13404427359540309081

308 Flugslaktarn the Skirmisher (level 6, -3/57 HPs)
             Began as a Minotaur Fighter on Sept 18, 2020.
             Blown up by an orc (23 damage)
             ... with a disintegration bolt
             ... on level 5 of the Dungeon.
             The game lasted 00:00:53 (1664 turns).

Flugslaktarn the Skirmisher (Minotaur Fighter)      Turns: 1664, Time: 00:00:53

Health: -3/57      AC: 13    Str: 22    XL:     6   Next: 16%
Magic:  5/5        EV:  4    Int:  5    God:
Gold:   83         SH: 10    Dex: 10    Spells: 5/5 levels left

rFire    . . .     SeeInvis .   a - +0 war axe
rCold    . . .     Faith    .   c - +0 kite shield
rNeg     . . .     Spirit   .   f - +0 plate armour
rPois    .         Reflect  .   (helmet restricted)
rElec    .         Harm     .   (no cloak)
rCorr    .         Rampage  .   g - +0 pair of gloves
MR       .....                  (no boots)
Stlth    ..........             (no amulet)
HPRegen  0.19/turn              (no ring)
MPRegen  0.09/turn              (no ring)

@: no status effects
A: retaliatory headbutt, horns 2
a: no special abilities


You were on level 5 of the Dungeon.
You visited 1 branch of the dungeon, and saw 5 of its levels.

You collected 83 gold pieces.

Inventory:

Hand Weapons
 a - a +0 war axe (weapon)
Missiles
 j - a throwing net (quivered)
Armour
 c - a +0 kite shield (worn)
 f - a +0 plate armour (worn)
   (You found it on level 2 of the Dungeon)
 g - a +0 pair of gloves (worn)
   (You found it on level 3 of the Dungeon)
Scrolls
 b - a scroll of enchant weapon {unknown}
 e - a scroll of identify {unknown}
 h - a scroll of fear {unknown}
 k - 2 scrolls of remove curse {unknown}
 m - a scroll of immolation {unknown}
 n - a scroll of enchant armour {unknown}
Potions
 d - a potion of might
 i - a potion of lignification {unknown}
 l - 2 potions of heal wounds {unknown}


   Skills:
 * Level 5.6 Fighting
 * Level 5.0 Axes
 + Level 4.7 Armour
 + Level 4.7 Shields


You had 5 spell levels left.
You didn't know any spells.
Your spell library was empty.

Dungeon Overview and Level Annotations

Branches:
Dungeon (5/15)
 Temple: D:4-7

Altars:
Okawaru


Innate Abilities, Weirdness & Mutations

You reflexively headbutt those who attack you in melee.
You have a pair of horns on your head.


Message History

An orc comes into view.
It is carrying a wand of disintegration (10).
An orc is nearby!
An orc is nearby!
The orc shouts!
The orc zaps a wand.
You are blasted!
* * * LOW HITPOINT WARNING * * *
You are too injured to fight recklessly!
You are too injured to fight recklessly!
You are too injured to fight recklessly!
You are too injured to fight recklessly!
You are too injured to fight recklessly!
You are too injured to fight recklessly!
You are too injured to fight recklessly!
You are too injured to fight recklessly!
You are too injured to fight recklessly!
You are too injured to fight recklessly!
You are too injured to fight recklessly!
The orc zaps a wand.
You are blasted!
The orc zaps a wand.
You are blasted!
You die...

.### ...### ...
#....### ..#
###....### #..#
####...### ##..#
###.o.#### #...#
###....###...######
###....#...#....###
###..@...#.......##
###..............##
###............(##
##..............
#..............
#..............
#.............#
#.............#
#.............#


You could see an orc.

Vanquished Creatures
  2 phantoms (D:4)
  A centaur zombie (D:5)
  A worker ant (D:4)
  4 adders
  A shadow imp (D:5)
  An adder skeleton (D:5)
  An orc (D:5)
  A bat (D:3)
  A giant cockroach (D:4)
  2 hobgoblins
  7 jackals
  A kobold (D:3)
  2 frilled lizards (D:4)
  2 leopard gecko skeletons
  2 rats
29 creatures vanquished.

Notes
Turn   | Place    | Note
-------+----------+-------------------------------------------
     0 | D:1      | Flugslaktarn the Minotaur Fighter began the quest for the
                  | Orb.
     0 | D:1      | Reached XP level 1. HP: 19/19 MP: 0/0
   185 | D:2      | Reached XP level 2. HP: 27/27 MP: 1/1
   518 | D:4      | Reached XP level 3. HP: 30/33 MP: 2/2
   746 | D:4      | Noticed a phantom
   781 | D:4      | Killed a phantom
   781 | D:4      | Reached skill level 5 in Fighting
   781 | D:4      | Reached XP level 4. HP: 12/42 MP: 3/3
   781 | D:4      | Reached XP level 5. HP: 14/48 MP: 4/4
  1102 | D:4      | Noticed a phantom
  1123 | D:4      | Killed a phantom
  1501 | D:5      | Entered Level 5 of the Dungeon
  1514 | D:5      | Found an iron altar of Okawaru.
  1604 | D:5      | Reached XP level 6. HP: 41/56 MP: 5/5
  1616 | D:5      | Reached skill level 5 in Axes
  1664 | D:5      | Blown up by an orc

Illustrated notes

Levels and vault maps discovered:
D:1:      wander_arrival_peaceful_grave, layout_rooms, kennysheep_boxes
D:2:      layout_basic, chequers_temple_overflow_minitemple,
          minmay_rat_gold_closets
D:3:      layout_loops_ring, serial_glass, glass_columns_b, glass_columns_a,
          glass_columns_a, glass_columns_b, glass_columns_b, glass_columns_a
D:4:      layout_loops_ring
D:5:      layout_cave_pods, basic_altar, uniq_menkaure, uniq_pikel,
          uniq_prince_ribbit1

Skill      XL: |  1  2  3  4  5  6 |
---------------+-------------------+-----
Fighting       | 4 5 |  5.6
Axes           | 3 4 5 |  5.0
Armour         | 4 |  4.7
Shields        | 4 |  4.7

Action                   |  1- 3 |  4- 6 || total
-------------------------+-------+-------++-------
Melee: War axe           |    55 |    42 ||    97
       Headbutt          |     5 |     5 ||    10
  Use: Potion            |     1 |       ||     1
Armor: Scale mail        |     8 |       ||     8
       Plate armour      |    30 |    29 ||    59
Dodge: Dodged            |    12 |     7 ||    19
Block: Kite shield       |    32 |    16 ||    48

Table legend: (Time is in decaauts)
 A = Elapsed time spent in this place.
 B = Non-inter-level travel time spent in this place.
 C = Inter-level travel time spent in this place.
 D = Time resting spent in this place.
 E = Time spent auto-exploring this place.
 F = Levels seen in this place.
 G = Mean time per level.
                   A        B        C        D        E       F      G
               +--------+--------+--------+--------+--------+-----+--------+
         Total |   1705 |   1628 |     77 |     29 |   1334 |   5 |  341.0 |
       Dungeon |   1705 |   1628 |     77 |     29 |   1334 |   5 |  341.0 |
               +--------+--------+--------+--------+--------+-----+--------+

Top non-repeatable levels by time:
     D:4: 1153 daAuts
     D:2: 206 daAuts
     D:5: 169 daAuts
     D:3: 131 daAuts
     D:1: 44 daAuts
